 Dungeon Crawl Stone Soup version 0.23.1 (webtiles) character file.

Game seed: 11304146895253178960

5413 Konker the Tainter (level 10, 0/65 HPs)
             Began as a Formicid Venom Mage on Mar 15, 2019.
             Was a High Priest of Okawaru.
             Slain by a meliai
             ... wielding a +0 war axe
              (9 damage)
             ... on level 11 of the Dungeon.
             The game lasted 00:25:51 (10565 turns).

Konker the Tainter (Formicid Venom Mage)           Turns: 10565, Time: 00:25:52

Health: 0/65       AC:  5    Str: 16      XL:     10   Next: 99%
Magic:  1/20       EV: 11    Int: 17      God:    Okawaru [*****.]
Gold:   191        SH:  0    Dex: 10 (11) Spells: 12/22 levels left

rFire    . . .     SeeInvis +   f - +3 flail (drain)
rCold    . . .     Gourm    .   (no shield)
rNeg     . . .     Faith    .   b - +0 ring mail
rPois    .         Spirit   .   (helmet unavailable)
rElec    .         Reflect  .   x - +0 cloak (curse)
rCorr    .         Harm     .   (no gloves)
MR       +....                  (no boots)
Stlth    +.........             z - amulet of the acrobat
HPRegen  0.20/turn              t - +2 ring of intelligence
MPRegen  0.17/turn              (no ring)

@: no status effects
A: permanent stasis, dig shafts and tunnels, four strong arms, antennae 3, fangs
1, deformed body, evolution 1
a: Dig, Shaft Self, Heroism, Finesse, Renounce Religion


You were on level 11 of the Dungeon.
You worshipped Okawaru.
Okawaru was extremely pleased with you.
You were not hungry.

You visited 1 branch of the dungeon, and saw 9 of its levels.

You collected 431 gold pieces.
You spent 240 gold pieces at shops.

Inventory:

Hand Weapons
 f - a +3 flail of draining (weapon)
Missiles
 j - 14 tomahawks (quivered)
 p - 152 stones
 v - 8 silver javelins
Armour
 a - a +0 robe
 b - a +0 ring mail (worn)
 x - a cursed +0 cloak (worn)
Jewellery
 h - an uncursed ring of fire
 r - an uncursed amulet of guardian spirit
 t - a +2 ring of intelligence (left hand)
 z - an amulet of the acrobat (around neck)
Wands
 d - a wand of clouds (6)
 y - a wand of digging (6)
 E - a wand of paralysis (5)
Scrolls
 e - a scroll of noise {unknown}
 g - 2 scrolls of random uselessness
 k - 3 scrolls of identify
 m - 2 scrolls of blinking {unknown}
 o - 8 scrolls of remove curse
 q - 4 scrolls of enchant armour
 s - 3 scrolls of amnesia
 B - a scroll of fog {unknown}
 C - 2 scrolls of enchant weapon {unknown}
 D - a scroll of immolation {unknown}
Potions
 i - a potion of flight
 l - a potion of cancellation {unknown}
 n - 3 potions of curing
 u - a potion of ambrosia {unknown}
 w - a potion of mutation
 A - a potion of agility
 F - a potion of invisibility {unknown}
Comestibles
 c - 17 rations


   Skills:
 + Level 1.0 Fighting
 + Level 2.0 Maces & Flails
 * Level 6.1 Armour
 - Level 1.7 Dodging
 - Level 2.4 Stealth
 + Level 6.8 Spellcasting
 - Level 1.0 Conjurations
 * Level 5.5 Air Magic
 * Level 12.4 Poison Magic
 * Level 5.9 Invocations


You had 12 spell levels left.
You knew the following spells:

 Your Spells              Type           Power        Failure   Level  Hunger
a - Sting                 Conj/Pois      ####         1%          1    None
b - Poisonous Vapours     Pois/Air       #####.       1%          2    None
c - Olgreb's Toxic Radia  Pois           #####...     1%          4    ####...
d - Mephitic Cloud        Conj/Pois/Air  ####....     4%          3    ##.....

Your spell library contained the following spells:

 Spells                   Type           Power        Failure   Level  Hunger
 Spider Form              Tmut/Pois      ####......   4%          3    ##.....
 Beastly Appendage        Tmut           #.....       21%         1    None
 Sticks to Snakes         Tmut           #.......     30%         2    None
 Venom Bolt               Conj/Pois      ####......   34%         5    #####..
 Ice Form                 Ice/Tmut       #.......     90%         4    ####...
 Blade Hands              Tmut           #.........   99%         5    #####..


Dungeon Overview and Level Annotations

Branches:
Dungeon (8/15)             Temple (0/1) D:7
   Lair: D:8-11

Altars:
Cheibriados
Hepliaklqana
Kikubaaqudgha
Okawaru
Qazlal
Ru
Sif Muna
Trog
Uskayaw
Vehumet
Zin
The Shining One

Shops:
D:7 [:}!!

Annotations:
D:3 3 runed translucent doors, Flogoulo's ghost, amateur OpCj


Innate Abilities, Weirdness & Mutations

You cannot be hasted, slowed, berserked, paralysed or teleported.
You can dig through walls and to a lower floor.
Your four strong arms can wield two-handed weapons with a shield.
You have a pair of large antennae on your head. (SInv)
You have very sharp teeth.
Armour fits poorly on your strangely shaped body.
You evolve.


Message History

The orc warrior closely misses you.
An orc comes into view. It is wielding a +0 club.
The orc warrior closely misses you.
You closely miss the orc warrior.
The orc warrior is severely wounded.
The meliai is poisoned.
The orc warrior looks even sicker.
The orc is poisoned.
Your toxic aura wanes.
The orc warrior hits you with a cursed -2 short sword.
* * * LOW HITPOINT WARNING * * *
Unknown command.
You sock the orc warrior!
You kill the orc warrior!
Okawaru accepts your kill. Something appears at your feet!
Okawaru grants you ammunition!
You feel your dexterity returning.
Your Fighting skill increases to level 1!
Your Maces & Flails skill increases to level 2!
The meliai hits you with a +0 war axe!
You die...

#.... #..#
#....###..#
#.........#
........{# #
#####.†...##{#..
................
#####..††)##.#.
###.###y##.#.###
........@.......
###.##..##.#.###
#..# # #^.# ...#
....# .....#
......#


You could see a meliai.

Vanquished Creatures
  Joseph (D:7)
  2 meliai (D:11)
  A hippogriff (D:7)
  6 yaks (D:7)
  3 hogs (D:7)
  A human (D:7)
  A water moccasin (D:8)
  2 sky beasts
  An orc warrior (D:11)
  An ice beast (D:7)
  A black bear (D:7)
  A phantom (D:6)
  2 ogres
  3 centaurs
  A gnoll sergeant (D:7)
  4 bullfrogs
  3 scorpions
  11 killer bees
  3 howler monkeys
  3 crimson imps
  A quasit (D:8)
  A centaur skeleton (D:6)
  4 hounds
  2 bullfrog skeletons
  2 orc priests (D:7)
  An iron imp (D:8)
  2 orc wizards
  3 iguanas
  6 worker ants
  4 gnolls (D:7)
  5 adders
  A shadow imp (D:5)
  An ooze (D:3)
  An adder zombie (D:7)
  3 adder skeletons
  4 worms
  2 dart slugs
  5 leopard geckos
  22 orcs
  5 bats
  A giant cockroach (D:4)
  10 goblins
  2 hobgoblins (D:1)
  11 jackals
  4 quokkas
  A ball python (D:3)
  5 frilled lizards
  9 kobolds
  A quokka skeleton (D:5)
  7 rats
177 creatures vanquished.

Notes
Turn   | Place    | Note
-------+----------+-------------------------------------------
     0 | D:1      | Konker the Formicid Venom Mage began the quest for the Orb.
     0 | D:1      | Reached XP level 1. HP: 13/13 MP: 3/3
   152 | D:1      | Reached skill level 1 in Conjurations
   163 | D:1      | Reached XP level 2. HP: 19/19 MP: 0/5
   322 | D:1      | Learned a level 2 spell: Poisonous Vapours
   807 | D:1      | Reached skill level 5 in Poison Magic
   845 | D:1      | Reached XP level 3. HP: 24/24 MP: 6/6
  1269 | D:2      | Found a sacrificial altar of Ru.
  1269 | D:2      | Found a glowing golden altar of the Shining One.
  1270 | D:2      | Found a deep blue altar of Sif Muna.
  1386 | D:2      | Found a hide-covered altar of Uskayaw.
  1522 | D:1      | Reached XP level 4. HP: 13/30 MP: 0/7
  2392 | D:3      | Found a runed translucent gate.
  2392 | D:3      | Found a runed translucent gate.
  2392 | D:3      | Noticed a big kobold
  2392 | D:3      | Noticed Flogoulo's ghost (amateur OpCj)
  2392 | D:3      | Noticed a big kobold
  2393 | D:3      | Found a runed translucent gate.
  2393 | D:3      | Noticed a big kobold
  2598 | D:3      | Reached skill level 6 in Poison Magic
  3069 | D:3      | Reached skill level 1 in Air Magic
  3536 | D:4      | Reached XP level 5. HP: 35/35 MP: 3/9
  3926 | D:4      | Reached skill level 1 in Armour
  3926 | D:4      | Reached XP level 6. HP: 41/41 MP: 3/10
  3977 | D:4      | You fall through a shaft for 3 floors!
  3977 | D:7      | Found an iron altar of Okawaru.
  3977 | D:7      | Found a bloodstained altar of Trog.
  4100 | D:7      | Became a worshipper of Warmaster Okawaru
  4107 | D:7      | Noticed an ice beast
  4192 | D:5      | Entered Level 5 of the Dungeon
  4228 | D:5      | Reached skill level 7 in Poison Magic
  4243 | D:5      | Reached XP level 7. HP: 42/46 MP: 12/12
  4260 | D:5      | Reached * piety under Okawaru
  4967 | D:4      | Learned a level 4 spell: Olgreb's Toxic Radiance
  5876 | D:4      | Reached XP level 8. HP: 47/52 MP: 8/14
  6108 | D:5      | Reached skill level 8 in Poison Magic
  6108 | D:5      | Reached skill level 1 in Invocations
  7005 | D:6      | Reached ** piety under Okawaru
  7564 | D:6      | Reached skill level 9 in Poison Magic
  7680 | D:6      | Found a radiant altar of Vehumet.
  7975 | D:7      | Found Palyt's Distillery.
  7979 | D:7      | Reached XP level 9. HP: 54/57 MP: 11/16
  8008 | D:7      | Found Eppoifah's Distillery.
  8050 | D:7      | Bought a potion of mutation for 120 gold pieces
  8050 | D:7      | Bought a potion of mutation for 120 gold pieces
  8050 | D:7      | Gained mutation: You have very sharp teeth. [potion of
                  | mutation]
  8050 | D:7      | Gained mutation: You are robust. (+10% HP) [potion of
                  | mutation]
  8050 | D:7      | Gained mutation: Armour fits poorly on your strangely
                  | shaped body. [potion of mutation]
  8050 | D:7      | Gained mutation: You evolve. [potion of mutation]
  8065 | D:7      | Reached skill level 5 in Spellcasting
  8068 | D:7      | Reached *** piety under Okawaru
  8068 | D:7      | Reached skill level 10 in Poison Magic
  8258 | D:7      | Reached skill level 5 in Armour
  8262 | D:7      | Found Ritta's Gadget Shop.
  8371 | D:7      | Found Oreidas's Book Emporium.
  8384 | D:7      | Found Bacruobb's Armour Boutique.
  8590 | D:7      | Found an ancient bone altar of Kikubaaqudgha.
  8682 | D:7      | Found a hazy altar of Hepliaklqana.
  8703 | D:7      | Reached XP level 10. HP: 69/69 MP: 6/18
  8713 | D:7      | Reached skill level 11 in Poison Magic
  8714 | D:7      | Reached **** piety under Okawaru
  8714 | D:7      | Reached skill level 5 in Air Magic
  8910 | D:7      | Lost mutation: You are robust. (+10% HP) [evolution]
  8944 | D:7      | Found a glowing silver altar of Zin.
  8944 | D:7      | Noticed an angel
  8965 | D:7      | Found a staircase to the Ecumenical Temple.
  8971 | D:7      | Noticed Joseph
  8987 | D:7      | Killed Joseph
  8987 | D:7      | Reached skill level 5 in Invocations
  9278 | D:7      | Reached skill level 12 in Poison Magic
  9402 | D:7      | Found a stormy altar of Qazlal.
 10032 | D:8      | Found a snail-covered altar of Cheibriados.
 10220 | D:8      | Learned a level 3 spell: Mephitic Cloud
 10522 | D:8      | Reached skill level 1 in Maces & Flails
 10522 | D:8      | Reached ***** piety under Okawaru
 10545 | D:8      | You fall through a shaft for 3 floors!
 10565 | D:11     | Received a gift from Okawaru
 10565 | D:11     | Reached skill level 1 in Fighting
 10565 | D:11     | Slain by a meliai

Skill      XL: |  1  2  3  4  5  6  7  8  9 10 |
---------------+-------------------------------+-----
Conjurations   | 1 |  1.0
Poison Magic   | 5 6 7 9 10 12 | 12.4
Air Magic      | 1 2 3 4 5 |  5.5
Spellcasting   | 3 4 5 6 |  6.8
Armour         | 1 2 3 4 5 6 |  6.1
Invocations    | 2 4 5 |  5.9
Maces & Flails | 2 |  2.0
Fighting       | 1 |  1.0
Dodging        | |  1.7
Stealth        | |  2.4

Action                   |  1- 3 |  4- 6 |  7- 9 | 10-12 || total
-------------------------+-------+-------+-------+-------++-------
Melee: Short sword       |    64 |   158 |    39 |       ||   261
       Club              |     8 |       |       |       ||     8
       Flail             |       |       |   136 |    88 ||   224
       Bite              |       |       |     3 |     4 ||     7
Throw: Tomahawk          |       |       |     1 |       ||     1
 Cast: Sting             |     7 |     1 |       |       ||     8
       Poisonous Vapours |     7 |    22 |    52 |    21 ||   102
       Olgreb's Toxic Ra |       |       |    10 |    10 ||    20
Invok: Heroism           |       |       |     2 |     2 ||     4
  Use: Potion            |       |     7 |     1 |     1 ||     9
       Scroll            |       |       |     6 |       ||     6
 Stab: Sleeping          |     2 |     2 |       |       ||     4
  Eat: Chunk             |     2 |    11 |    17 |     3 ||    33
       Ration            |       |       |       |     2 ||     2
Armor: Ring mail         |    37 |    60 |    63 |    36 ||   196
Dodge: Dodged            |    35 |   128 |   152 |   101 ||   416
